[Event "Israeli Championship 2022"]
[Site "Yosiah Arad"]
[Date "2022.12.06"]
[Round "2.2"]
[White "Postny, Evgeny"]
[Black "Dvoirys, Semen I."]
[Result "0-1"]
[ECO "E73"]
[WhiteElo "2588"]
[BlackElo "2461"]
[Annotator "TA"]
[PlyCount "150"]
[EventDate "2022.12.05"]
[EventType "swiss"]
[EventCountry "ISR"]
[SourceTitle "playchess.com"]
[Source "ChessBase"]
[SourceQuality "1"]
[TimeControl "40/5400+30:1800+30"]

1. d4 Nf6 2. c4 g6 3. h4 c5 4. d5 d6 5. Nc3 Bg7 6. e4 O-O 7. Be2 e6 8. h5 exd5 {[%emt 0:00:09] E73: King's Indian: Averbakh Variation without 6...c5.} 9. exd5 Re8 10. Kf1 Nbd7 {[%emt 0:01:15] The position is equal.} 11. h6 Bh8 {[%emt 0:02:09] [#]} 12. Nf3 $146 ({Predecessor:} 12. Bg5 Qb6 13. b3 Ne4 14. Nxe4 Rxe4 15. Nf3 Ne5 16. Rc1 Bf5 17. Kg1 Bg4 18. Qc2 {½-½ (61) Dardha,D (2555)-Van Roon,S (2280) Maastricht 2022}) 12... Ne4 (12... Ng4 {seems wilder.} 13. Bg5 f6 14. Bd2 f5) 13. Nxe4 Rxe4 14. Qc2 Re8 15. Bd2 Ne5 16. Bc3 Bg4 (16... Nxf3 {looks sharper.} 17. Bxf3 Bf5 18. Qd2 Be5) 17. Nxe5 Bxe2+ 18. Qxe2 {[%emt 0:00:07][%cal Oe5f7] Black must now prevent Nxf7!} Bxe5 19. Qf3 f5 (19... Qg5 {feels hotter.} 20. g3 Bxc3 21. Qxc3 Qe5) 20. Re1 Qf6 21. Rxe5 $2 {[%emt 0:00:38] White is now going downhill.} dxe5 $17 22. g3 Qa6 23. Qe2 (23. b3 {might work better.}) 23... Qxa2 $19 24. Kg2 b5 25. Bxe5 Qxc4 26. Qxc4 bxc4 {[%emt 0:00:04][%mdl 4096] Endgame KRR-KRB} 27. f4 Rad8 28. Ra1 Kf7 (28... Rxd5 29. Rxa7 Re6 30. Rg7+ Kf8 31. Rxh7 Rd2+ 32. Kh3 $11) 29. d6 Rd7 30. Rc1 g5 31. Rxc4 Kg6 32. Rxc5 Kxh6 33. fxg5+ Kxg5 34. Kh3 (34. Kf3 $17) 34... Kg6 35. Kh4 Rb8 36. Kh3 Kf7 37. Rc2 (37. Bc3 {was necessary.}) 37... Ke6 38. Re2 Rb4 39. Bf4+ Re4 40. Rc2 Rb7 41. Kh4 Reb4 42. Re2+ Kd7 43. Kg5 Rxb2 44. Re7+ (44. Re3 $142) 44... Kc6 45. Re8 {[%emt 0:00:08] [#]} Rf7 46. Rc8+ Kd5 {[%emt 0:03:49] Threatens to win with ...Rg7+.} 47. Re8 Rbb7 48. Re1 Rg7+ 49. Kh4 Kc6 50. Rc1+ Kd7 51. Rc5 Ke6 {[%emt 0:00:44] Hoping for ...Rg4+.} 52. Ra5 (52. Kh3 {was called for.}) 52... Rb1 53. Re5+ Kd7 (53... Kxd6 54. Re1+ (54. Rxf5+ $2 Kc6 $19) 54... Kc6 55. Rxb1 $16) 54. Kh3 Rf7 ({Less strong is} 54... Kxd6 55. Rb5+ (55. Rxf5+ $2 Kc6 $19) 55... Kc6 56. Rxb1 $16) 55. Kh4 a6 ({Weaker is} 55... Kxd6 56. Re1+ (56. Rxf5+ $2 {loses.} Ke6 $19) 56... Kc5 57. Rxb1 $16) 56. Ra5 Ke6 {[%emt 0:04:14] ( -> ...Rh1+)} 57. Re5+ Kf6 $1 58. Kh3 Rb5 59. Re8 Rd5 60. Ra8 a5 61. Ra6 Rd7 62. Ra8 Rb7 63. Ra6 Ke6 64. Ra8 Rb4 65. Re8+ $2 (65. Kh4) 65... Kd7 66. Re7+ Kc6 67. Rc7+ Kb5 68. Rb7+ Ka6 69. Rxh7 {[%emt 0:00:24] [#]} Rxf4 $1 70. gxf4 (70. Rc7 Rfd4) 70... Rxd6 {[%emt 0:00:04] KR-KR. Black mates.} 71. Re7 Rd5 72. Kh4 a4 73. Re3 Kb5 74. Kg5 Kc4 75. Kg6 Ra5 {[%emt 0:00:47] Weighted Error Value: White=0.27 (precise) /Black=0.12 (very precise)} 0-1

[Event "Israeli Championship 2022"]
[Site "Yosiah Arad"]
[Date "2022.12.06"]
[Round "2.3"]
[White "Tzidkiya, Yeshaayahu"]
[Black "Gorodetzky, David"]
[Result "0-1"]
[ECO "C50"]
[WhiteElo "2444"]
[BlackElo "2495"]
[Annotator "TA"]
[PlyCount "68"]
[EventDate "2022.12.05"]
[EventType "swiss"]
[EventCountry "ISR"]
[SourceTitle "playchess.com"]
[Source "ChessBase"]
[SourceQuality "1"]
[TimeControl "40/5400+30:1800+30"]

1. e4 e5 2. Nf3 Nc6 3. Bc4 Bc5 4. d3 Nf6 5. Nc3 a6 6. h3 {[%emt 0:02:18] C50: Hungarian Defence and Giuoco Pianissimo.} h6 7. Be3 Bxe3 8. fxe3 {[%emt 0:00:06] The position is equal.} d6 9. d4 O-O 10. O-O b5 11. Bd3 {[%emt 0:03:02] [#]} Bd7 $146 ({Predecessor:} 11... Re8 12. d5 Ne7 13. Nd2 Rf8 14. Kh2 Bd7 15. a4 Rb8 16. axb5 axb5 17. b4 c6 18. dxc6 Nxc6 {1-0 (44) Sindarov,J (2654)-Nihal,S (2670) Jerusalem 2022}) 12. Qe1 Re8 13. Qf2 exd4 14. exd4 b4 {[%emt 0:00:35] Prevents a3.} 15. Nd5 Nxe4 16. Bxe4 Rxe4 17. Nd2 Rxd4 18. Qxf7+ Kh8 19. Nf3 Re4 20. Nf4 {[%emt 0:00:34] Prevents Be6.} Qe8 $1 (20... Ne5 $2 21. Nxe5 dxe5 22. Nh5 $18 (22. Ng6+ Kh7 $16)) 21. Ng6+ Kh7 22. Nf8+ $1 {[%emt 0:00:31][%mdl 64] Pair of Knights!} Kh8 {[%emt 0:01:00] [#]} (22... Qxf8 $11 23. Qxd7 Qe8 24. Qxc7 d5) 23. Qd5 $1 $16 {[%emt 0:16:42][%mdl 1024] Nxd7 is the strong threat. White has strong compensation.} (23. Qxd7 $6 Qxd7 24. Nxd7 Rd8 $11) 23... Re3 24. Nh4 $2 ({Only move:} 24. Nxd7 $18 Qxd7 25. Nd4) 24... Ne5 $11 25. Qd4 Re2 $36 {[%emt 0:03:50][%mdl 2048] Hoping for ...Bc6. Black has the initiative.} 26. Rf4 $2 (26. Rae1 $1 $11 {and White stays safe.} Rxe1 27. Rxe1 Qxf8 28. Rxe5) 26... Qh5 $2 (26... Rxc2 $2 27. Qe4 $18 (27. Qxb4 Re2 $17) (27. Qxb4 Re2 $17)) ({Black should try} 26... Bc6 $19 27. Raf1 Kg8) 27. Raf1 (27. Qxb4 $2 {too greedy.} g5 $19) (27. Nxd7 $11 Nxd7 28. Raf1) 27... Bc6 $17 {[%emt 0:00:14] Threatens to win with ...Re8. Dancing on a razor blade. Black is more active.} (27... Rxc2 $2 28. Qe4 $18 (28. Qxb4 Bc6 $11) (28. Qxb4 Bc6 $11)) 28. Ne6 $2 {[%emt 0:00:24] [#]} (28. Qd1 $17 {is more resistant.}) 28... Qxh4 $3 {[%emt 0:00:08][%mdl 512] Black is clearly winning.} 29. Rf8+ (29. Rxh4 Rxg2+) 29... Kh7 30. Qxh4 Rxg2+ 31. Kh1 Rg4+ 32. Kh2 Rxh4 33. Rxa8 Bxa8 34. Rf8 Bd5 {[%emt 0:00:29] Weighted Error Value: White=0.56/Black=0.22 (precise)} 0-1

[Event "Israeli Championship 2022"]
[Site "Yosiah Arad"]
[Date "2022.12.06"]
[Round "2.4"]
[White "Zanan, Evgeny"]
[Black "Sokolovsky, Yahli"]
[Result "0-1"]
[ECO "A45"]
[WhiteElo "2485"]
[BlackElo "2414"]
[Annotator "TA"]
[PlyCount "74"]
[EventDate "2022.12.05"]
[EventType "swiss"]
[EventCountry "ISR"]
[SourceTitle "playchess.com"]
[Source "ChessBase"]
[SourceQuality "1"]
[TimeControl "40/5400+30:1800+30"]

1. d4 Nf6 2. Bf4 g6 3. Nc3 d5 4. e3 Bg7 5. h4 c6 6. Be2 {[%emt 0:05:06] A45: Trompowsky Attack.} h5 7. Nf3 Nbd7 8. Ne5 {[%emt 0:03:00] The position is equal.} Qb6 9. Rb1 O-O 10. Nxd7 Bxd7 11. Be5 Ng4 12. Bxg7 Kxg7 {[%emt 0:00:05] [#]} 13. Qd2 $146 ({Predecessor:} 13. Bxg4 Bxg4 14. Qd2 Qc7 15. e4 dxe4 16. Nxe4 Bf5 17. Ng3 Be6 18. O-O Rad8 19. Qc3 {1-0 (46) Nguyen,N (2641)-Johnson,D (2083) Chess.com INT 2021}) 13... Rae8 14. Na4 Qc7 15. Nc5 Bf5 16. Bxg4 hxg4 (16... Bxg4 $6 17. O-O $15) 17. h5 Rh8 {[%emt 0:01:06] Inhibits e4.} 18. h6+ Kh7 (18... Rxh6 19. Rxh6 Kxh6 20. e4+ Kg7 21. exf5 $18) 19. Nd3 Bxd3 20. cxd3 e5 21. dxe5 Qxe5 22. Kf1 Re6 23. Rh4 g3 (23... f5 $142 24. d4 Qd6) 24. Rf4 Kg8 25. fxg3 Rxh6 {[%emt 0:02:39] [#] Hoping for ...Rh1+.} (25... Qxe3 {simplifies} 26. Qxe3 Rxe3 27. Ra4 Rxh6 28. Kf2 Rxd3 29. Rxa7 b5) 26. Kf2 g5 27. d4 Qh8 28. Rf5 {[%emt 0:01:10] [#]} Rhf6 (28... Ref6 $142 $1 29. Rxf6 Qxf6+ 30. Kg1 Qd6) 29. e4 {[%emt 0:01:56] Now White is beyond hope.} (29. Rxf6 $17 {was called for.} Qxf6+ 30. Kg1) 29... Rxf5+ $19 (29... dxe4 30. Qxg5+ Kf8 31. Rxf6 Qxf6+ 32. Qxf6 Rxf6+ 33. Ke3 $11) 30. exf5 {[%emt 0:00:02][%mdl 4096] Endgame KQR-KQR} Qf6 31. Kg1 Re4 (31... Qxf5 32. Re1) 32. Rd1 Qxf5 33. Rf1 Qg4 ({Not} 33... Qg6 34. Re1 $17) 34. Qf2 Qe6 {[%emt 0:00:20] Active counter play!} (34... Rxd4 {leads to mate.} 35. Qxf7+ Kh8 36. Qf8+ (36. Qxb7 Rd1 $11) 36... Kh7 37. Rf7+ Kg6 38. Rf6+ Kh7 39. Rh6#) 35. Qd2 Qe7 {[%emt 0:02:05] And now ...Re2 would win.} 36. Rf2 {[%emt 0:01:16] Inhibits Re2.} (36. Rf5 $142) 36... Re1+ 37. Kh2 $2 (37. Rf1 Re2 38. Qc3) 37... f5 {[%emt 0:02:05] Weighted Error Value: White=0.31/Black=0.08 (flawless)} 0-1

[Event "Israeli Championship 2022"]
[Site "Yosiah Arad"]
[Date "2022.12.06"]
[Round "2.5"]
[White "Zemach, Nadav"]
[Black "Parkhov, Yair"]
[Result "0-1"]
[ECO "D76"]
[WhiteElo "2402"]
[BlackElo "2470"]
[Annotator "TA"]
[PlyCount "98"]
[EventDate "2022.12.05"]
[EventType "swiss"]
[EventCountry "ISR"]
[SourceTitle "playchess.com"]
[Source "ChessBase"]
[SourceQuality "1"]
[TimeControl "40/5400+30:1800+30"]

1. d4 Nf6 2. c4 g6 3. g3 Bg7 4. Bg2 O-O 5. Nc3 Nc6 6. Nf3 d5 7. cxd5 Nxd5 8. O-O Nb6 9. e3 Re8 10. Nh4 {[%emt 0:02:14] D76: Fianchetto Grünfeld: Main Line with 7...Nb6.} e5 11. d5 Nb4 12. e4 {[%emt 0:05:26] The position is equal.} c6 $1 13. Qb3 Nd3 {[%emt 0:01:38] [#]} 14. Rd1 $146 (14. Be3 {is interesting.} Nf4 15. a4 cxd5 16. exd5 Bd7 17. a5) ({Predecessor:} 14. Be3 Nf4 15. Bf3 cxd5 16. exd5 g5 17. gxf4 exf4 18. Bxb6 axb6 19. Rfe1 Be5 20. Ng2 {0-1 (30) Cori,J (2671)-Firouzja,A (2702) Hoogeveen 2019}) 14... Nxc1 15. Raxc1 {[%emt 0:00:05] dxc6 is the strong threat.} Qf6 16. h3 Bf8 17. Rc2 cxd5 (17... Rd8 $5) 18. exd5 Bd7 19. Re2 Rac8 (19... Qd6 {seems wilder.} 20. Ne4 Ba4 21. Qe3 Qd8) 20. Rde1 Bd6 21. Nf3 (21. Ne4 {looks sharper.} Qe7 22. g4 Ba4 23. Qf3) 21... Bf5 (21... Qg7 $1 $15) 22. Nb5 Bb8 23. g4 Bd7 24. Nc3 Kg7 (24... h6 $11) 25. a4 (25. g5 {with more complications.} Qf5 26. Re4 Rc5 27. a4) 25... h6 26. a5 Nc4 27. Qxb7 Qd8 28. Ra1 f5 29. gxf5 gxf5 30. Nd2 Nd6 {[%emt 0:03:06][%mdl 1024] Black has strong compensation.} 31. Qb4 Kh7 32. Rae1 {[%emt 0:07:04] [#]} (32. Kh1 $142) 32... Qf6 (32... Nf7 $142 $1 33. Qb7 e4) 33. Nf3 $2 {[%emt 0:01:54] Now White is beyond hope.} (33. Kh1 $17 {is a better defense.}) 33... e4 $19 34. Qd4 Qg6 35. Ne5 {[%emt 0:01:29] [#]} Rxe5 36. Qxe5 Rg8 {[%emt 0:01:02][%csl Gg8][%cal Rg6g2] Really sharp!} 37. Qg3 {[%emt 0:03:16] Black must now prevent Qxg6+.} Qf6 ({Weaker is} 37... Qxg3 38. fxg3 Rxg3 39. Rf2 $11) 38. Qe3 (38. Qf4 Qg6 39. Qg3) 38... Nc4 39. Qc5 Ne5 {[%emt 0:00:42][%cal Bc4e5,Be5f3,Bf3h2][%mdl 32] And now ...Nf3+ would win.} 40. Re3 Nf3+ 41. Kf1 Qa6+ 42. R3e2 (42. Ne2 $142 Nxe1 43. Bxe4 fxe4 44. Kxe1) 42... Qg6 43. Qe7+ Rg7 44. Qxg7+ Kxg7 45. Rd1 Nh2+ 46. Kg1 {[%emt 0:00:07] [#]} f4 $1 {[%emt 0:00:14] ( -> ...f3)} 47. Kh1 (47. f3 exf3) 47... f3 {[%emt 0:01:15] Black mates.} 48. Bxf3 Nxf3 49. Nxe4 Qh5 {[%emt 0:00:57] Weighted Error Value: White=0.95/Black=0.29 (precise)} 0-1

[Event "Israeli Championship 2022"]
[Site "Yosiah Arad"]
[Date "2022.12.06"]
[Round "2.6"]
[White "Boruchovsky, Avital"]
[Black "Levitan, Tal"]
[Result "1-0"]
[ECO "E40"]
[WhiteElo "2552"]
[BlackElo "2243"]
[Annotator "TA"]
[PlyCount "83"]
[EventDate "2022.12.05"]
[EventType "swiss"]
[EventCountry "ISR"]
[SourceTitle "playchess.com"]
[Source "ChessBase"]
[SourceQuality "1"]
[TimeControl "40/5400+30:1800+30"]

1. d4 Nf6 2. c4 e6 3. Nc3 Bb4 4. e3 O-O 5. Bd3 Nc6 6. Nge2 d5 7. a3 {[%emt 0:00:43] E40: Nimzo-Indian: Rubinstein (4 e3): Unusual Black 4th moves.} dxc4 8. Bxc4 Bd6 9. f4 {[%emt 0:03:07] White is slightly better.} Nd5 {[%emt 0:25:57] [#]} 10. e4 $146 ({Predecessor:} 10. O-O Be7 11. Kh1 Nxc3 12. bxc3 Na5 13. Ba2 b6 14. Qd3 c5 15. Bb2 Qc7 16. Rae1 {0-1 (38) Wohlmann,E (2210)-Lerner,K (2580) Oberwart 1996}) 10... Nxc3 11. bxc3 Na5 12. Ba2 b6 (12... Qh4+ $15 13. g3 Qg4) 13. Qd3 (13. e5 $11 Be7 14. O-O) 13... c5 (13... Qh4+ $15 14. g3 Qh3) 14. O-O $11 Be7 15. Be3 $1 c4 16. Qc2 f5 17. Rad1 Bb7 {[%emt 0:08:10] Against d5} 18. Ng3 Bh4 ({Of course not} 18... Bxa3 19. Bb1 g6 20. Qa2 $15) (18... Qd7 $11) 19. d5 (19. exf5 $14 Bxg3 20. fxe6 (20. hxg3 exf5 21. Rfe1 Qd7 $15)) 19... Bxg3 (19... Qd7 {with more complications.} 20. dxe6 Qxe6 21. e5 Bxg3 22. Rd6 Bxh2+ 23. Kxh2 Qf7) 20. hxg3 exd5 21. exf5 Qf6 (21... Nb3 $11) 22. Bb1 $14 Nb3 23. g4 Qh4 24. g5 Rae8 {[%emt 0:01:33] Prevents f6.} 25. Qf2 Qg4 {[%emt 0:01:51][%cal Od5d4] [#] Hoping for ...d4!} (25... Qxf2+ {simplifies} 26. Kxf2 Nc5 27. Bxc5 bxc5 28. Rh1 Rf7) 26. Rfe1 {[%emt 0:00:17] Prevents d4.} (26. Rde1 $1 $14) 26... d4 27. Bxd4 Nxd4 28. cxd4 Bc8 $2 {[%emt 0:01:08] This costs Black the game.} (28... Be4 $1 $14) 29. Rxe8 $18 Qxd1+ 30. Re1 Qg4 31. Bc2 {[%emt 0:01:11] [#] Black must now prevent d5.} h6 (31... Bxf5 $2 32. Bd1 $18) 32. gxh6 Bxf5 33. hxg7 Rf7 (33... Rf6 {was called for.} 34. Bd1 (34. Re7 b5 $16) 34... Qxg7) 34. Bd1 ({Less strong is} 34. Bxf5 Rxf5 35. g3 Rb5 $16) (34. Re8+ $142 Kxg7 35. Re3 Bxc2 36. Rg3 Qxg3 37. Qxg3+ Kf8 38. Qh3) 34... Qxg7 35. Re5 {[%emt 0:00:03] Inhibits Re7. aiming for Bf3.} Qh6 36. Qe3 Bd3 37. Bh5 Rf8 (37... Rf6 $142 38. Rg5+ Kh8) 38. Rg5+ Kh8 39. Bf3 {[%emt 0:00:36] Threatens to win with Rh5.} Qf6 $2 (39... Bh7 40. f5 Qf6) 40. Be4 {[%emt 0:00:52] White is clearly winning.} Bxe4 41. Qxe4 {[%emt 0:30:07] White wants to mate with Rh5+.} Qh6 {[%emt 0:19:36] Inhibits Rh5.} 42. Qf3 {[%emt 0:00:00] Weighted Error Value: White=0.38/Black=0.40} 1-0

[Event "Israeli Championship 2022"]
[Site "Yosiah Arad"]
[Date "2022.12.06"]
[Round "2.7"]
[White "Kochavi, Ori"]
[Black "Kobo, Ori"]
[Result "1/2-1/2"]
[ECO "C93"]
[WhiteElo "2326"]
[BlackElo "2554"]
[Annotator "TA"]
[PlyCount "125"]
[EventDate "2022.12.05"]
[EventType "swiss"]
[EventCountry "ISR"]
[SourceTitle "playchess.com"]
[Source "ChessBase"]
[SourceQuality "1"]
[TimeControl "40/5400+30:1800+30"]

1. e4 e5 2. Nf3 Nc6 3. Bb5 a6 4. Ba4 Nf6 5. O-O Be7 6. Re1 b5 7. Bb3 d6 8. c3 O-O 9. h3 h6 10. d4 Bd7 11. Nbd2 Re8 12. Nf1 Bf8 13. Ng3 a5 {[%emt 0:00:20] C93: Closed Ruy Lopez: Smyslov Variation.} 14. a4 (14. d5 {simplifies} Nb8 15. a4 b4 16. cxb4 axb4 17. Be3) 14... bxa4 15. Bxa4 exd4 {[%emt 0:00:12] White is slightly better.} 16. Nxd4 {[%emt 0:02:49] [#]} Ne7 $146 ({Predecessor:} 16... Ne5 17. Bc2 c5 18. Ndf5 Bc6 19. b3 Qc7 20. f4 Ned7 21. c4 g6 22. Bb2 Rab8 {1-0 (51) Paluch,A (2188)-Svalander,F (2161) ICCF email 2019}) 17. Nh5 Nxh5 18. Qxh5 Bxa4 19. Rxa4 c5 20. Nf3 Qd7 21. Ra1 Qe6 22. Bf4 Ng6 23. Bg3 Qb3 24. Re2 a4 25. Rae1 Re6 26. Qd5 Qxd5 27. exd5 Rxe2 28. Rxe2 Rb8 29. Re4 Rxb2 {[%emt 0:00:12] And now ...a3 would win.} 30. Rxa4 Rb1+ 31. Kh2 Rd1 32. c4 $1 f5 33. Bh4 Nh8 {[%emt 0:10:47] White must now prevent ...Nf7.} 34. Bd8 Nf7 35. Bc7 g5 {[%emt 0:01:35] Prevents Nh4.} 36. g4 fxg4 37. hxg4 Rb1 38. Nd2 (38. Ra8 $11 {keeps the balance.}) 38... Rb7 $17 39. Ba5 Ra7 40. Ra3 {[%emt 0:02:35][%cal Oa5b4] [#]} Bg7 $1 {[%emt 0:01:19] aiming for ...Bb2.} 41. Kg3 $2 (41. Kg2 $17) 41... Bb2 $19 42. Ra2 Bc3 43. Nb3 Kh7 44. f4 gxf4+ 45. Kxf4 Ne5 (45... Kg6 $19 {Threatens to win with ...Ra8.} 46. Kg3 {[#]} Be1+ $1 47. Kh3 Ne5) 46. Rh2 $2 (46. Bxc3 $17 {was the crucial defense.} Ng6+ 47. Kf5 Rxa2 48. Nd2) 46... Bxa5 47. g5 Ng6+ 48. Kg4 Bc3 49. Rxh6+ Kg7 50. Kf5 Rf7+ 51. Ke6 Be5 52. Rh7+ Kxh7 53. Kxf7 Bf4 54. Na5 Ne5+ ({Inferior is} 54... Bxg5 55. Ke6 $11) 55. Kf6 Bd2 56. g6+ Nxg6 $2 (56... Kh6 $19 57. g7 Kh7) 57. Nb7 $11 {[%emt 0:00:00] The position is equal.} Nf4 {[%emt 0:01:00][%cal Of4d5] Hoping for ...Nxd5+!} 58. Ke7 Nd3 59. Kxd6 Be3 60. Kc6 Ne5+ 61. Kb5 Nd7 62. Kc6 Ne5+ 63. Kb5 {[%emt 0:00:00] Black had all chances to win.   Weighted Error Value: White=0.54/Black=0.04 (flawless)} 1/2-1/2

[Event "Israeli Championship 2022"]
[Site "Yosiah Arad"]
[Date "2022.12.06"]
[Round "2.8"]
[White "Iliaguev, Nisim"]
[Black "Mikhalevski, Victor"]
[Result "1/2-1/2"]
[ECO "A05"]
[WhiteElo "2364"]
[BlackElo "2517"]
[Annotator "TA"]
[PlyCount "85"]
[EventDate "2022.12.05"]
[EventType "swiss"]
[EventCountry "ISR"]
[SourceTitle "playchess.com"]
[Source "ChessBase"]
[SourceQuality "1"]
[TimeControl "40/5400+30:1800+30"]

1. Nf3 Nf6 2. b3 g6 3. Bb2 Bg7 4. g3 d5 5. Bg2 c5 6. O-O O-O 7. c4 d4 8. b4 Nfd7 9. a3 {[%emt 0:09:05] A05: Réti Opening: 1 Nf3 Nf6.} (9. b5 $142) 9... e5 10. d3 a5 11. Nbd2 (11. b5 $11) 11... Nc6 (11... axb4 $15 12. Qc2 Nc6) 12. bxc5 (12. b5 $11 Ne7 13. Re1) 12... Nxc5 {[%emt 0:00:25] [#]} 13. Nb3 $146 ({Predecessor:} 13. Rb1 Bd7 14. Ba1 Qe7 15. Qc2 a4 16. Ne1 Na5 17. Qd1 Nab3 18. Nc2 Bc6 19. Nb4 Bxg2 20. Kxg2 {½-½ (58) Mons,L (2339)-Anton Guijarro,D (2550) Maribor 2012}) 13... Na4 14. Qc2 e4 15. Nfd2 (15. dxe4 $2 {loses.} d3 16. exd3 Nxb2 $19) ({Better is} 15. Ne1 $1 $15) 15... e3 $19 16. Nf3 Nxb2 17. Qxb2 a4 $1 $36 {[%emt 0:07:16][%mdl 2048] Black is on the roll.} 18. Nc1 exf2+ 19. Rxf2 Bh6 $1 20. Rf1 Be3+ 21. Kh1 Ra5 $1 22. Na2 Rh5 $1 {[%emt 0:00:23] White must now prevent ...Qc7.} 23. Nb4 Nxb4 24. Qxb4 Qc7 $1 25. Qe1 ({But not} 25. Nh4 g5 26. Rf5 Rxh4 27. gxh4 Bxf5 $19) 25... f5 (25... g5 $19 26. Rb1 Bd7) 26. Rb1 $17 f4 27. Rb5 Rxb5 ({Much weaker is} 27... fxg3 28. Rxh5 gxh5 29. Qxg3+ Qxg3 30. hxg3 $11) 28. cxb5 fxg3 29. Qb4 (29. Nd2 $17 {was worth a try.}) 29... Be6 $19 30. b6 {[%emt 0:01:49] [#]} Qf4 {[%emt 0:00:49] ...Qh6 is the strong threat.} 31. Qb5 $2 (31. Qe1 {was called for.}) 31... Kg7 $2 (31... Qh6 $19 32. Qe5 g5 33. Qxg3 Bf4) 32. Qc5 $17 Rf7 ({Black should try} 32... Re8 $17 {Threatens to win with ...Bd7.} 33. Ne1 Qg4 34. Qc7+ Kh8) 33. Ne5 $11 {[%emt 0:01:34] Inhibits Bd7.} Qxf1+ 34. Bxf1 Rxf1+ 35. Kg2 {[%emt 0:00:00] The board is on fire.} gxh2 $2 36. Qe7+ $18 Bf7 37. Kxh2 Rf5 {[%emt 0:00:02] [#] Hoping for ...Bf4+.} 38. Nf3 $1 Kh6 39. Qxb7 Bd5 40. Qc8 ({White must play} 40. Qe7 $18) 40... Bxf3 $11 {[%emt 0:01:17] The position is equal.} (40... Bf4+ $2 41. Kg2 $18) 41. exf3 Rh5+ $1 42. Kg2 (42. Kg3 $5 Rg5+ $8 43. Kh4 Rh5+ 44. Kg4 Rg5+ 45. Kh4 Rh5+ 46. Kg4 Rg5+ 47. Kh4 $11) 42... Rg5+ 43. Kh3 {[%emt 0:00:00] Weighted Error Value: White=0.53/Black=0.32} (43. Kf1 $5 Rg1+ $8 44. Ke2 Rg2+ 45. Kf1 Rg1+ 46. Ke2 Rg2+ 47. Kf1 Rg1+ $11) 1/2-1/2

[Event "Israeli Championship 2022"]
[Site "Yosiah Arad"]
[Date "2022.12.06"]
[Round "2.9"]
[White "Erenberg, Ariel"]
[Black "Yaniv, Yuval"]
[Result "0-1"]
[ECO "E73"]
[WhiteElo "2514"]
[BlackElo "2343"]
[Annotator "TA"]
[PlyCount "52"]
[EventDate "2022.12.05"]
[EventType "swiss"]
[EventCountry "ISR"]
[SourceTitle "playchess.com"]
[Source "ChessBase"]
[SourceQuality "1"]
[TimeControl "40/5400+30:1800+30"]

1. d4 Nf6 2. c4 g6 3. Nc3 Bg7 4. e4 d6 5. Be2 O-O 6. Be3 Nc6 7. d5 Ne5 {[%emt 0:00:12] E73: King's Indian: Averbakh Variation without 6...c5.} 8. f4 Neg4 9. Bd2 (9. Bc1 $5 ) 9... Nh6 $1 {[%emt 0:00:44] White has an edge.} 10. Nf3 {[%emt 0:01:30] 10.h3 gains popularity.} c6 11. a4 e6 12. dxe6 Bxe6 {[%emt 0:00:12] [#]} 13. h3 $146 ({Predecessor:} 13. Ng5 Re8 14. O-O Bg4 15. Bxg4 Qb6+ 16. Kh1 Nhxg4 17. Qe2 h6 18. Nxf7 Kxf7 19. h3 {½-½ (49) Riazantsev,A (2638)-Makarian,R (2441) Sochi 2020}) 13... d5 14. cxd5 (14. e5 {simplifies} d4 15. exf6 dxc3 16. Bxc3 Bxf6 17. Qxd8 Bxc3+ 18. bxc3 Raxd8 19. Kf2) 14... cxd5 15. e5 ({Of course not} 15. f5 dxe4 16. Bxh6 (16. fxe6 exf3 17. Bxf3 Qb6 $17) 16... Bxh6 17. Qxd8 Raxd8 18. fxe6 fxe6 $17) 15... d4 (15... Ne4 $15 16. Bd3 Nf5) 16. Nb5 (16. exf6 $11 {remains equal.} dxc3 17. Bxc3 Bxf6 18. Qxd8 Bxc3+ 19. bxc3 Raxd8 20. Kf2) 16... d3 $1 $17 {[%emt 0:00:57] ...Ne4 is the strong threat.} 17. Bf1 (17. Bc3 $17 Nh5 18. Qxd3) 17... Ne4 $19 {[%emt 0:04:28] White must now prevent ...Nf5.} 18. Bb4 {[%emt 0:02:03] [#]} (18. Bc3 {might work better.}) 18... Qb6 $1 19. Nfd4 {[%emt 0:07:34][%cal Of1d3] [#]} d2+ 20. Bxd2 a6 $40 {[%emt 0:00:15][%mdl 128] Black is out for blood.} 21. a5 $2 (21. Qc2 Nxd2 22. Qc7 Qxc7 23. Nxc7 Nxf1 24. Rxf1) 21... Qd8 {[%emt 0:00:53] ( -> ...Qh4+). Black is clearly winning.} 22. Nd6 Qh4+ (22... Nxd6 $2 {perishes.} 23. Nxe6 fxe6 24. exd6 $19) 23. g3 Qxg3+ (23... Nxg3 $2 {is the wrong capture.} 24. Nf3 Qe7 25. Rg1 Nxf1 26. Rxf1 $19) 24. Ke2 Bd5 (24... Nf5 $142 25. Nxe6 fxe6) 25. Be1 Qxf4 26. Nf3 {[%emt 0:02:33] [#]} Nc3+ $1 {[%emt 0:00:34][%mdl 512] Weighted Error Value: White=1.29/Black=0.30} 0-1